Map: Jagannatha LE

Players

Lambo

  • Race: Zerg Zerg
  • League: Master
  • Spawn Location: 7:00

AGOElazer (Elazer) - Winner!

  • Race: Zerg Zerg
  • Spawn Location: 1:00

Event: DreamHack SC2 Masters 2020 Winter

VOD

Have the link to the VOD?

Description

Time

  • Played on: Nov. 3, 2020, 12:43 p.m.
  • Length: 10:35

All games in this series

Show
View Real Time Build Order
Export as new Build Order

Lambo Zerg 

Build Orders: Hatch First 

Get SALT Encoding   

  12  0:00  Drone  
  13  0:12  Overlord  
  13  0:17  Drone  
  14  0:31  Drone x2  
  16  0:48  Hatchery  
  15  0:51  Drone  
  15  0:54  Drone  
  17  1:00  Drone  
  18  1:08  Extractor  
  17  1:13  Spawning Pool  
  17  1:17  Drone  
  17  1:20  Drone  
  18  1:28  Drone  
  19  1:38  Drone  
  20  1:49  Drone  
  21  1:59  Queen  
  21  2:00  Queen, Zergling x2, Overlord  
  26  2:09  Metabolic Boost  
  26  2:10  Drone  
  26  2:12  Drone  
  28  2:21  Drone  
  28  2:22  Drone  
  30  2:33  Drone x2  
  32  2:38  Hatchery  
  32  2:44  Drone  
  32  2:47  Baneling Nest  
  32  2:50  Overlord  
  31  2:53  Drone  
  31  2:55  Zergling x2  
  33  3:04  Drone  
  34  3:10  Drone x2  
  34  3:11  Zergling x6  
  34  3:12  Drone  
  40  3:17  Drone  
  40  3:19  Queen  
  43  3:26  Evolution Chamber, Overlord  
  42  3:28  Drone  
  42  3:33  Drone  
  43  3:44  Extractor, Roach Warren  
  43  3:45  Overlord  
  41  3:51  Baneling  
  41  3:53  Drone x2  
  41  3:54  Drone x2  
  41  3:55  Drone  
  46  3:56  Overlord  
  46  4:02  Zergling x6  
  49  4:03  Zergling x2  
  50  4:17  Overlord  
  49  4:27  Roach x7  
  63  4:34  Roach  
  63  4:35  Roach x2  
  69  4:42  Drone x3  
  69  4:44  Zerg Missile Weapons Level 1  
  72  4:46  Drone x2  
  72  4:49  Drone  
  72  4:52  Drone x2  
  77  4:57  Drone x3  
  77  4:59  Drone  
  80  5:04  Lair  
  80  5:07  Drone  
  80  5:09  Overlord  
  80  5:12  Extractor  
  80  5:13  Overlord  
  80  5:14  Extractor  
  80  5:18  Drone x2  
  81  5:26  Overlord  
  81  5:31  Drone x4  
  81  5:33  Roach x2  
  89  5:42  Pneumatized Carapace  
  89  5:45  Roach x3  
  89  5:47  Drone x3  
  97  5:58  Drone x4  
  97  5:59  Drone x5  
  97  6:01  Extractor  
  97  6:03  Drone x2, Extractor  
  106  6:04  Glial Reconstitution  
  106  6:09  Overseer  
  106  6:11  Overlord  
  106  6:14  Overlord  
  106  6:16  Overlord  
  106  6:18  Overlord  
  106  6:19  Overlord  
  106  6:31  Drone x2, Hatchery  
  106  6:32  Evolution Chamber  
  106  6:33  Drone  
  106  6:34  Roach  
  106  6:35  Spire  
  106  6:39  Drone x4  
  112  6:41  Roach  
  112  6:44  Drone  
  115  6:48  Roach x4  
  115  6:51  Zerg Missile Weapons Level 2  
  123  7:01  Overseer  
  123  7:08  Roach  
  123  7:09  Evolution Chamber, Roach x5  
  123  7:10  Overlord  
  132  7:26  Overlord  
  133  7:30  Drone x3  
  133  7:34  Extractor  
  134  7:40  Zergling x10  
  134  7:41  Zergling x4  
  134  7:43  Extractor  
  140  7:51  Zerg Flyer Armor Level 1  
  140  7:53  Corruptor x8  
  140  7:58  Zerg Ground Armor Level 1  
  157  8:06  Corruptor  
  157  8:08  Spore Crawler  
  157  8:09  Spore Crawler, Overlord  
  157  8:10  Spore Crawler  
  157  8:11  Spore Crawler  
  155  8:13  Overlord  
  155  8:19  Corruptor x2, Overlord  
  155  8:23  Overlord  
  155  8:26  Overlord  
  159  8:32  Roach x5  
  159  8:33  Ravager x2  
  171  8:35  Overlord  
  171  8:42  Roach x4  
  171  8:43  Ravager x2  
  183  9:06  Roach x8  
  189  9:11  Roach x2  
  189  9:13  Roach x5  
  189  9:16  Roach  
  176  9:17  Roach x4  
  176  9:18  Roach  
  176  9:21  Roach  
  176  9:22  Roach  
  171  9:24  Roach  
  171  9:28  Roach x2  
  171  9:29  Roach  
  146  9:32  Roach  
  146  9:35  Roach  
  146  9:37  Roach  
  135  9:42  Roach x2  
  117  9:48  Roach x2  
  117  9:52  Roach  
  103  9:54  Roach  
  103  9:57  Roach  
  93  10:01  Roach  
  93  10:04  Roach  
  79  10:08  Roach x2  
  79  10:13  Roach  
  81  10:15  Roach  
Show
View Real Time Build Order
Export as new Build Order

AGOElazer Zerg - Winner!

Build Orders: Hatch First, Muta Ling Bane 

Get SALT Encoding   

  12  0:00  Drone  
  13  0:12  Overlord  
  13  0:16  Drone  
  14  0:30  Drone x2  
  16  0:48  Hatchery  
  15  0:51  Drone  
  15  0:55  Drone  
  17  0:58  Drone  
  18  1:09  Extractor  
  17  1:13  Spawning Pool  
  17  1:17  Drone  
  17  1:20  Drone  
  18  1:27  Drone  
  19  1:39  Drone  
  20  1:49  Drone  
  21  1:59  Queen x2  
  21  2:00  Drone, Overlord  
  26  2:09  Metabolic Boost  
  26  2:11  Drone  
  26  2:12  Zergling x2  
  28  2:21  Drone  
  28  2:22  Drone  
  30  2:32  Drone  
  30  2:37  Hatchery  
  30  2:40  Drone  
  30  2:43  Drone x2  
  33  2:49  Baneling Nest  
  32  2:53  Overlord  
  32  2:55  Drone  
  33  3:04  Drone x2  
  35  3:06  Overlord  
  35  3:07  Drone  
  36  3:13  Drone, Zergling x4  
  36  3:15  Drone  
  36  3:19  Zergling x2  
  41  3:20  Drone  
  42  3:28  Evolution Chamber  
  42  3:30  Drone  
  42  3:31  Zergling x2  
  43  3:36  Roach Warren  
  43  3:39  Drone x4  
  45  3:42  Drone x2  
  45  3:43  Drone  
  48  3:50  Extractor, Overlord  
  48  3:55  Overlord  
  47  3:58  Zergling x4  
  47  4:01  Overlord  
  49  4:05  Roach Warren  
  48  4:10  Overlord  
  48  4:11  Overlord  
  48  4:16  Roach x2  
  52  4:19  Roach x3  
  52  4:23  Roach x2  
  63  4:30  Roach  
  65  4:33  Roach  
  65  4:35  Roach  
  66  4:40  Overlord  
  66  4:44  Drone x3  
  66  4:45  Zerg Missile Weapons Level 1  
  68  4:46  Queen  
  68  4:50  Roach  
  68  4:52  Roach  
  74  4:54  Roach  
  74  4:56  Overlord  
  74  4:59  Roach  
  78  5:03  Roach  
  78  5:06  Overlord  
  80  5:08  Roach  
  80  5:13  Extractor, Roach  
  83  5:16  Roach  
  85  5:27  Drone x9  
  94  5:31  Drone  
  94  5:35  Lair  
  95  5:39  Drone x2  
  96  5:43  Drone  
  97  5:50  Drone x7  
  103  5:57  Drone x4  
  107  6:04  Overlord  
  107  6:05  Extractor  
  107  6:09  Extractor  
  107  6:10  Extractor  
  107  6:11  Drone x2  
  106  6:12  Drone  
  106  6:17  Overlord  
  107  6:19  Drone  
  107  6:24  Overlord  
  107  6:25  Drone x2, Hatchery  
  109  6:29  Drone x2  
  109  6:30  Drone x2  
  113  6:33  Drone x2  
  113  6:35  Glial Reconstitution  
  113  6:36  Spire  
  113  6:37  Overlord  
  114  6:43  Overlord  
  114  6:44  Drone x3  
  117  6:49  Zerg Missile Weapons Level 2  
  117  6:51  Overlord  
  117  6:52  Roach x2  
  121  6:58  Roach x6  
  133  7:07  Overlord  
  143  7:08  Roach x5  
  143  7:14  Extractor, Roach x3  
  143  7:15  Extractor  
  147  7:22  Roach x3  
  153  7:31  Overlord x2  
  153  7:48  Mutalisk x7  
  153  7:50  Roach x4  
  175  7:56  Roach  
  177  7:59  Centrifical Hooks  
  177  8:02  Roach x4  
  185  8:07  Roach x3  
  191  8:18  Zergling x12  
  197  8:21  Zergling x4  
  199  8:28  Zergling x2  
  199  8:34  Spore Crawler  
  199  8:35  Spore Crawler  
  199  8:36  Spore Crawler  
  199  8:37  Spore Crawler x2  
  199  8:38  Spore Crawler x2  
  199  8:39  Spore Crawler  
  191  8:43  Overlord x2  
  191  8:48  Baneling x18  
  199  8:55  Overlord  
  194  9:04  Overlord x2  
  190  9:14  Roach  
  190  9:15  Roach x6  
  167  9:26  Roach x9  
  168  9:33  Roach x2  
  168  9:36  Overlord x2  
  163  9:40  Spore Crawler  
  126  10:14  Overlord x9  
  126  10:17  Hatchery  
Tags
 
Add a new tag
Caveats
  • Supply blocks, unpowered buildings, or Contaminate may cause inaccurate times.
  • Supply counts are checked every 10 seconds.